 Dungeon Crawl Stone Soup version 0.21.1-1-g345015f (webtiles) character file.

4001 Shenanicrawl the Spear-Bearer (level 10, 0/76 HPs)
             Began as a Merfolk Ice Elementalist on Feb 20, 2018.
             Was a Believer of Makhleb.
             Slain by a two-headed ogre
             ... wielding a +0 giant club
              (11 damage)
             ... on level 9 of the Dungeon on Feb 21, 2018.
             The game lasted 01:14:36 (13194 turns).

Shenanicrawl the Spear-Bearer (MfIE)               Turns: 13194, Time: 01:14:36

Health: 0/76       AC:  4    Str: 13    XL:     10   Next: 23%
Magic:  13/16      EV: 23    Int: 15    God:    Makhleb [**....]
Gold:   450        SH:  0    Dex: 18    Spells: 11/17 levels left

rFire    . . .     SeeInvis .   i - +0 spear
rCold    + . .     Gourm    .   (no shield)
rNeg     . . .     Faith    .   C - +2 robe {rC+}
rPois    .         Spirit   .   (no helmet)
rElec    .         Reflect  .   (no cloak)
rCorr    .         Harm     .   (no gloves)
MR       .....                  (no boots)
Stlth    +++.......             (no amulet)
HPRegen  0.22/turn              v - +5 ring of strength
MPRegen  0.15/turn              w - +5 ring of evasion

@: drained
A: change form in water, swift swim, stealthy swim
a: Minor Destruction, Renounce Religion


You were on level 9 of the Dungeon.
You worshipped Makhleb.
Makhleb was pleased with you.
You were hungry.

You visited 3 branches of the dungeon, and saw 11 of its levels.

You collected 472 gold pieces.
You spent 22 gold pieces at shops.

Inventory:

Hand Weapons
 i - a +0 spear (weapon)
 z - a +1 dagger of chaos
 B - a +1 short sword of electrocution
 F - a +0 halberd
 H - a +3 dagger
Armour
 a - a +1 robe
 p - a +0 pair of boots
 C - a +2 robe of cold resistance (worn)
 D - a +1 leather armour of fire resistance
 G - a +0 robe
 I - the +3 leather armour "Qeteisu" {rF++}
   (You found it on level 7 of the Dungeon)

   It greatly protects you from fire.
Jewellery
 v - a +5 ring of strength (left hand)
 w - a +5 ring of evasion (right hand)
 E - an uncursed ring of flight
Wands
 o - a wand of disintegration (23)
 x - a wand of random effects (45)
 y - a wand of clouds (7)
Scrolls
 d - 2 scrolls of amnesia
 f - 2 scrolls of teleportation
 g - 3 scrolls of enchant weapon
 h - a scroll of blinking
 j - 2 scrolls of identify
 m - 6 scrolls of remove curse
 u - 3 scrolls of enchant armour
Potions
 c - a potion of resistance
 e - 2 potions of flight {unknown}
 k - 2 potions of curing
 q - 2 potions of brilliance {unknown}
 r - 3 potions of degeneration
 s - 2 potions of magic {unknown}
 t - a potion of invisibility
 A - 2 potions of lignification {unknown}
Books
 b - a book of Frost

   Spells                             Type                      Level
   a - Freeze                         Ice                          1
   b - Throw Frost                    Conjuration/Ice              2
   c - Ozocubu's Armour               Charms/Ice                   3
   d - Throw Icicle                   Conjuration/Ice              4
   e - Summon Ice Beast               Ice/Summoning                4
Comestibles
 n - 6 rations


   Skills:
 + Level 6.1(5.8) Fighting
 * Level 9.1(8.8) Polearms
 + Level 8.1(7.8) Dodging
 + Level 6.5(6.3) Stealth
 - Level 4.0(3.7) Spellcasting
 - Level 0.7(0.5) Conjurations
 * Level 5.4(5.1) Charms
 + Level 6.5(6.3) Ice Magic
 + Level 2.3(2.1) Invocations


You had 11 spell levels left.
You knew the following spells:

 Your Spells              Type           Power        Failure   Level  Hunger
a - Freeze                Ice            ###.         1%          1    None
b - Throw Frost           Conj/Ice       ##....       7%          2    ##.....
c - Ozocubu's Armour      Chrm/Ice       ###.....     5%          3    ###....


Dungeon Overview and Level Annotations

Branches:
Dungeon (9/15)             Temple (1/1) D:5            Lair (1/6) D:8
    Orc: D:9-12

Altars:
Ashenzari
Cheibriados
Dithmenos
Elyvilon
Fedhas
Gozag
Hepliaklqana
Kikubaaqudgha
Makhleb
Nemelex Xobeh
Okawaru
Qazlal
Ru
Sif Muna
Trog
Uskayaw
Vehumet
Wu Jian
Xom
Yredelemnul
Zin
The Shining One

Shops:
D:6 !   D:7 [

Annotations:
D:6 exclusion: oklob plant


Message History

Casting: Freeze
Confirm with . or Enter, or press ? or * to list all spells.
Aiming: Freeze
Press: ? - help, Shift-Dir - straight line, f/p - two-headed ogre
Aim: a two-headed ogre, wielding two giant clubs (severely wounded)
You freeze the two-headed ogre.
The two-headed ogre is almost dead.
The two-headed ogre hits you with a giant club!!
* * * LOW HITPOINT WARNING * * *
The two-headed ogre completely misses you.
Casting: Freeze
Confirm with . or Enter, or press ? or * to list all spells.
Aiming: Freeze
Press: ? - help, Shift-Dir - straight line, f/p - two-headed ogre
Aim: a two-headed ogre, wielding two giant clubs (almost dead)
You freeze the two-headed ogre.
The two-headed ogre is almost dead.
The two-headed ogre completely misses you.
The two-headed ogre hits you with a giant club!
You die...

###
#<###################
#.#..((.(..)..@OKKKK#
#.#.###############.#
#.#.# #.#.# #.#.#
#...# #####


You could see a two-headed ogre and 4 kobolds.

Vanquished Creatures
  Psyche (D:8)
  A spiny frog (Lair:1)
  A hippogriff (D:7)
  Sigmund (D:6)
  Eustachio (D:6)
  2 porcupines (D:8)
  Duvessa (D:6)
  An ice beast (D:5)
  A sky beast (D:8)
  A black bear (D:8)
  3 orc warriors
  2 ogres
  A centaur (D:8)
  A big kobold (D:9)
  2 crocodiles
  A bullfrog (D:8)
  Dowan (D:6)
  3 scorpions
  4 wights (D:7)
  3 howler monkeys
  A bullfrog zombie (D:5)
  4 crimson imps
  A quasit (D:7)
  A hound (D:8)
  A jelly (D:7)
  Crazy Yiuf (D:3)
  2 orc priests
  4 orc wizards
  A bullfrog skeleton (D:5)
  Ijyb (D:3)
  3 iguanas
  Natasha (D:4)
  3 worker ants
  A hound zombie (D:7)
  2 hound skeletons
  A howler monkey skeleton (D:5)
  Robin (D:2)
  3 gnolls (D:4)
  8 adders
  2 shadow imps (D:6)
  6 oozes
  3 adder skeletons
  2 worms
  3 dart slugs
  6 leopard geckos
  27 orcs
  11 giant cockroaches
  14 goblins
  13 hobgoblins
  8 jackals
  2 quokkas
  4 ball pythons
  9 bats
  5 frilled lizards
  A giant cockroach zombie (D:5)
  13 kobolds
  A leopard gecko skeleton (D:4)
  A quokka skeleton (D:8)
  6 rats
209 creatures vanquished.

Vanquished Creatures (others)
  4 fungi (D:8)
4 creatures vanquished.

Grand Total: 213 creatures vanquished

Notes
Turn   | Place    | Note
-------+----------+-------------------------------------------
     0 | D:1      | Shenanicrawl the Merfolk Ice Elementalist began the quest for the Orb.
     0 | D:1      | Reached XP level 1. HP: 13/13 MP: 3/3
   382 | D:1      | Reached XP level 2. HP: 20/20 MP: 0/5
   531 | D:1      | Reached skill level 1 in Fighting
   951 | D:1      | Reached XP level 3. HP: 26/26 MP: 3/6
  1406 | D:2      | Found a hazy altar of Hepliaklqana.
  1410 | D:2      | Noticed Robin
  1856 | D:2      | Learned a level 2 spell: Throw Frost
  1860 | D:2      | Learned a level 3 spell: Ozocubu's Armour
  1910 | D:2      | Reached XP level 4. HP: 7/32 MP: 0/7
  1924 | D:2      | Killed Robin
  2702 | D:3      | Reached XP level 5. HP: 23/38 MP: 1/8
  2937 | D:3      | Found a runed door.
  2941 | D:3      | Noticed Crazy Yiuf
  3164 | D:3      | Noticed Ijyb
  3178 | D:3      | Killed Ijyb
  3542 | D:3      | Reached XP level 6. HP: 46/46 MP: 6/10
  3610 | D:4      | Reached skill level 5 in Dodging
  4002 | D:4      | HP: 2/47 [gnoll/spear (7)]
  4199 | D:4      | Reached skill level 1 in Polearms
  4502 | D:4      | Noticed Natasha
  4519 | D:4      | Killed Natasha
  4519 | D:4      | Reached XP level 7. HP: 52/52 MP: 5/11
  4663 | D:5      | Entered Level 5 of the Dungeon
  4721 | D:5      | Reached skill level 2 in Polearms
  4958 | D:5      | Found a staircase to the Ecumenical Temple.
  4972 | Temple   | Entered the Ecumenical Temple
  5222 | Temple   | Became a worshipper of Makhleb the Destroyer
  5725 | D:5      | Reached skill level 3 in Polearms
  5938 | D:6      | Noticed Eustachio
  5964 | D:6      | Found a basalt altar of Yredelemnul.
  5964 | D:6      | Found a snail-covered altar of Cheibriados.
  5966 | D:6      | Found an ancient bone altar of Kikubaaqudgha.
  5974 | D:6      | Found a bloodstained altar of Trog.
  6093 | D:6      | Noticed Dowan
  6110 | D:6      | Found Qeekk's Distillery.
  6111 | D:6      | Noticed Duvessa
  6449 | D:7      | Reached skill level 4 in Polearms
  6449 | D:7      | Reached XP level 8. HP: 45/60 MP: 13/13
  6987 | D:8      | Reached skill level 5 in Ice Magic
  7247 | D:8      | Reached skill level 5 in Polearms
  7291 | D:8      | Reached skill level 5 in Stealth
  7296 | D:8      | Reached * piety under Makhleb
  7468 | D:8      | Reached skill level 6 in Polearms
  7468 | D:8      | Reached skill level 1 in Charms
  7557 | D:8      | Reached XP level 9. HP: 63/67 MP: 12/15
  7562 | D:8      | Found a staircase to the Lair.
  7576 | D:8      | Reached skill level 5 in Fighting
  7720 | D:8      | Noticed Psyche
  7880 | D:8      | Found a sacrificial altar of Ru.
  7960 | D:8      | Killed Psyche
  7960 | D:8      | Reached skill level 7 in Polearms
  8265 | D:8      | Found a radiant altar of Vehumet.
  8290 | D:8      | Noticed a two-headed ogre
  8624 | Lair:1   | Entered Level 1 of the Lair of Beasts
  8858 | Lair:1   | Noticed a spiny frog
  8887 | Lair:1   | Killed a spiny frog
  9431 | Lair:1   | Noticed an eight-headed hydra
  9713 | D:6      | Noticed Sigmund
  9778 | D:6      | Found an ornate altar of the Wu Jian Council.
  9940 | D:6      | Found a deep blue altar of Sif Muna.
  9971 | D:6      | Killed Sigmund
  9971 | D:6      | Reached skill level 8 in Polearms
 10403 | D:6      | Found a blossoming altar of Fedhas.
 10405 | D:6      | Noticed an oklob plant
 10481 | D:6      | Killed Duvessa
 10481 | D:6      | Reached skill level 1 in Invocations
 10512 | D:6      | Killed Dowan
 10793 | D:6      | Killed Eustachio
 10928 | D:6      | Reached XP level 10. HP: 67/76 MP: 13/16
 10931 | D:6      | Reached ** piety under Makhleb
 11157 | D:3      | Killed Crazy Yiuf
 11280 | D:6      | Bought a potion of degeneration for 11 gold pieces
 11280 | D:6      | Bought a potion of degeneration for 11 gold pieces
 11477 | D:7      | Reached skill level 5 in Charms
 11757 | D:7      | Got a dazzling leather armour
 12112 | D:7      | Reached skill level 9 in Polearms
 12874 | D:7      | Found Upyc's Antique Armour Boutique.
 12882 | D:7      | Identified the +3 leather armour "Qeteisu" {rF++} (You found it on level 7 of the Dungeon)
 13069 | D:8      | Noticed a two-headed ogre
 13159 | D:9      | Noticed a two-headed ogre
 13194 | D:9      | Slain by a two-headed ogre

Skill      XL: |  1  2  3  4  5  6  7  8  9 10 |
---------------+-------------------------------+-----
Dodging        | 3 4 5 6 7 8 |  8.1
Fighting       | 1 2 3 4 5 6 |  6.1
Stealth        | 3 4 5 6 |  6.5
Ice Magic      | 4 5 6 |  6.5
Spellcasting   | 3 4 |  4.0
Polearms       | 1 4 6 8 9 |  9.1
Charms         | 2 4 5 |  5.4
Invocations    | 1 2 |  2.3
Conjurations   | |  0.7

Action                   |  1- 3 |  4- 6 |  7- 9 | 10-12 || total
-------------------------+-------+-------+-------+-------++-------
Melee: Unarmed           |     2 |       |       |       ||     2
       Short sword       |    48 |    70 |       |       ||   118
       Spear             |       |    27 |   700 |   209 ||   936
       Tailslap          |       |       |       |     1 ||     1
 Cast: Freeze            |    64 |   101 |   117 |    34 ||   316
       Ozocubu's Armour  |     1 |     1 |     2 |     1 ||     5
       Throw Frost       |       |     2 |     7 |     5 ||    14
Evoke: Wand              |       |       |     2 |       ||     2
  Use: Scroll            |       |    13 |     7 |     6 ||    26
       Potion            |       |     1 |     2 |     1 ||     4
 Stab: Sleeping          |     2 |     4 |     5 |     2 ||    13
       Distracted        |       |     1 |     1 |       ||     2
       Paralysed         |       |       |     1 |       ||     1
  Eat: Ration            |     1 |       |     6 |     2 ||     9
       Chunk             |       |    10 |     2 |       ||    12
Armor: Robe              |    16 |    26 |    57 |    16 ||   115
       Skin              |       |     2 |       |       ||     2
Dodge: Dodged            |    86 |   136 |   663 |   161 ||  1046
